AoeStats
← Kiliethink

Arabia

508078637Analyzed
4v4 RM · 11d ago on Sep 20, 2026· 32m 27s· 8 players
Game mode
Random Map
Map size
Large (8 player)
Population
200
Speed
Normal
Resources
Standard
Victory
Conquest
Starting age
Dark Age
Ending age
Imperial Age
RankedLock teamsTeams togetherTeam positionsShared explorationLock speedFull tech treeHidden civsTurbo modeCheats
Victory
Defeat
🇩🇪 Magyars · Germany
1345
+10
🇩🇪 Ethiopians · Germany
1336
+10
🇩🇪 Saracens · Germany
1279
+12
🇹🇷 Chinese · Türkiye
1263
+14
🇩🇪 Magyars · Germany
1440
-20
🇩🇪 Persians · Germany
1198
-11
🇩🇪 Britons · Germany
1170
-10
🇩🇪 Khitans · Germany
991
-5
Sawyer
0:27 Loom
11:03 Feudal Age
14:18 Fletching
18:28 Gold Mining
18:25 Horse Collar
21:11 Padded Archer Armor
25:20 Castle Age
23:47 Double-Bit Axe
25:23 Crossbowman
26:02 Bodkin Arrow
26:56 Bow Saw
32:09 Ballistics
32:54 Wheelbarrow
32:40 Leather Archer Armor
Slowhannes
7:33 Loom
10:00 Feudal Age
10:35 Double-Bit Axe
16:48 Wheelbarrow
16:41 Horse Collar
17:38 Scale Barding Armor
20:01 Bloodlines
24:36 Castle Age
25:39 Chain Barding Armor
25:52 Gold Mining
26:44 Husbandry
27:05 Bow Saw
26:56 Heavy Plow
31:45 Hand Cart
nikias.marquardt
10:07 Feudal Age
9:01 Loom
16:11 Double-Bit Axe
22:13 Castle Age
21:06 Scale Barding Armor
22:56 Bloodlines
23:31 Chain Barding Armor
25:15 Husbandry
27:30 Forging
32:47 Iron Casting
32:15 Horse Collar
Makaveli
8:39 Feudal Age
8:35 Loom
14:06 Fletching
19:39 Wheelbarrow
19:23 Double-Bit Axe
26:05 Castle Age
24:09 Horse Collar
24:45 Gold Mining
27:09 Bow Saw
26:56 Bodkin Arrow
26:22 Crossbowman
28:54 Ballistics
33:08 Imperial Age
32:44 Padded Archer Armor
rafimeister.
8:14 Loom
10:22 Feudal Age
14:30 Forging
17:19 Double-Bit Axe
18:46 Padded Archer Armor
23:31 Castle Age
25:07 Leather Archer Armor
24:43 Fletching
25:05 Crossbowman
26:38 Domestication
29:21 Husbandry
Sarah0nFire
7:00 Loom
10:26 Feudal Age
13:08 Double-Bit Axe
13:15 Gold Mining
13:07 Horse Collar
16:39 Scale Mail Armor
16:36 Fletching
20:08 Padded Archer Armor
27:03 Castle Age
27:06 Crossbowman
27:07 Elite Skirmisher
27:46 Bodkin Arrow
28:20 Leather Archer Armor
Kiliethink
6:34 Loom
10:00 Feudal Age
21:14 Castle Age
20:17 Bloodlines
20:17 Scale Barding Armor
20:07 Gold Mining
20:05 Double-Bit Axe
31:01 Chain Barding Armor
Sir Dman II.
5:48 Loom
8:57 Feudal Age
9:23 Double-Bit Axe
9:29 Horse Collar
18:21 Wheelbarrow
19:01 Bloodlines
21:01 Castle Age
19:22 Scale Barding Armor
21:31 Forging
22:02 Bow Saw
23:27 Husbandry
23:38 Bloodlines
24:44 Heavy Plow
26:45 Gold Mining
28:05 Chain Barding Armor
Connection lost

Rejoining the realm…

Still unreachable

The connection could not be restored.

Session expired

The server has moved on; the page needs a fresh start.